 Dungeon Crawl Stone Soup version 0.21-a0-346-g330ab2c (webtiles) character file.

24427 Amnesiac the Geomancer (level 13, -13/98 HPs)
             Began as a Gnoll Earth Elementalist on Oct 5, 2017.
             Was a Believer of Ashenzari.
             Mangled by Gruud's ghost (28 damage)
             ... on level 2 of the Orcish Mines.
             The game lasted 00:35:15 (12082 turns).

Amnesiac the Geomancer (Gnoll Earth Elementalist)  Turns: 12082, Time: 00:35:16

Health: -13/98     AC:  9    Str: 15    XL:     13   Next: 13%
Magic:  0/26       EV: 18    Int: 22    God:    Ashenzari [**....]
Gold:   1031       SH: 11    Dex: 17    Spells: 18/30 levels left

rFire    + . .     SeeInvis .   a - +0 dagger (venom)
rCold    + . .     Gourm    .   S - +0 shield (curse)
rNeg     . . .     Faith    .   I - +2 robe {rC+}
rPois    .         Spirit   +   (no helmet)
rElec    .         Reflect  .   v - +0 cloak
rCorr    .         Harm     .   R - +0 pair of gloves
MR       +....                  L - +1 pair of boots
Stlth    ++++......             O - amulet of guardian spirit (curse)
HPRegen  0.26/turn              j - ring of protection from fire (curse)
MPRegen  0.20/turn              u - ring of protection from magic (curse)

@: mighty
A: distributed training, fangs 1, strong nose
a: Curse Item, Scrying, Renounce Religion


You were on level 2 of the Orcish Mines.
You worshipped Ashenzari.
Ashenzari was pleased with you.
You were not hungry.

You visited 3 branches of the dungeon, and saw 14 of its levels.

You collected 1323 gold pieces.
You spent 292 gold pieces at shops.

Inventory:

Hand Weapons
 a - a +0 dagger of venom (weapon)
 b - a +2 scimitar of flaming
 e - a +0 dagger
Missiles
 l - 55 poisoned needles
 B - 220 stones (quivered)
 M - 2 throwing nets
 Q - 5 needles of confusion
Armour
 v - a +0 cloak (worn)
 I - a +2 robe of cold resistance (worn)
 L - a +1 pair of boots (worn)
 R - a +0 pair of gloves (worn)
 S - a cursed +0 shield (worn)
Magical Staves
 W - an uncursed staff of earth
Jewellery
 j - a cursed ring of protection from fire (left hand)
 u - a cursed ring of protection from magic (right hand)
 O - a cursed amulet of guardian spirit (around neck)
Wands
 n - a wand of clouds (6/9)
 y - a wand of lightning (6/15)
 N - a wand of iceblast (2/15)
 Y - a wand of paralysis (13/24)
Scrolls
 h - 3 scrolls of enchant armour {!r}
 s - 4 scrolls of fog {!r}
 A - 4 scrolls of teleportation {!r}
 D - 6 scrolls of amnesia {!r}
 Z - 2 scrolls of remove curse {!r}
Potions
 k - 5 potions of brilliance {!q}
 r - a potion of ambrosia {!q}
 x - 4 potions of degeneration {!q}
 E - a potion of mutation {!q}
 G - a potion of might {!q}
 J - a potion of curing {!q}
 P - a potion of haste {!q}
 T - 2 potions of resistance {!q}
 X - a potion of agility {!q}
Comestibles
 c - 7 chunks of flesh
 d - 7 bread rations
 i - 11 meat rations
 z - 8 royal jellies
 U - 15 fruits


   Skills:
 + Level 7.9 Fighting
 + Level 7.9 Short Blades
 + Level 7.9 Long Blades
 + Level 7.9 Axes
 + Level 7.9 Maces & Flails
 + Level 7.9 Polearms
 + Level 7.9 Staves
 + Level 7.9 Slings
 + Level 7.9 Bows
 + Level 7.9 Crossbows
 + Level 7.9 Throwing
 + Level 7.9 Armour
 + Level 9.2 Dodging
 + Level 9.0 Stealth
 + Level 7.9(9.3) Shields
 + Level 7.9 Unarmed Combat
 + Level 9.4 Spellcasting
 + Level 7.9(10.2) Conjurations
 + Level 7.9(10.2) Hexes
 + Level 7.9(10.2) Charms
 + Level 7.9(10.2) Summonings
 + Level 7.9(10.2) Necromancy
 + Level 7.9(10.2) Translocations
 + Level 8.3(10.6) Transmutations
 + Level 7.9(10.2) Fire Magic
 + Level 7.9(10.2) Ice Magic
 + Level 7.9(10.2) Air Magic
 + Level 10.2(12.3) Earth Magic
 + Level 7.9(10.2) Poison Magic
 + Level 7.9 Invocations
 + Level 7.9(10.2) Evocations


You had 18 spell levels left.
You knew the following spells:

 Your Spells              Type           Power        Failure   Level  Hunger
b - Passwall              Tmut/Erth      ######....   1%          2    None
d - Lee's Rapid Deconstr  Erth           ######....   2%          5    ####...
e - Petrify               Tmut/Erth      ######..     1%          4    ##.....
q - Sandblast             Erth           ######       1%          1    None


Dungeon Overview and Level Annotations

Branches:
Dungeon (11/15)            Temple (1/1) D:6            Lair (0/6) D:8
    Orc (2/2) D:11
    Elf: Orc:2

Altars:
Ashenzari
Cheibriados
Dithmenos
Elyvilon
Fedhas
Hepliaklqana
Makhleb
Nemelex Xobeh
Okawaru
Qazlal
Ru
Sif Muna
Trog
Wu Jian
Xom
Yredelemnul
The Shining One

Shops:
D:4 =   D:7 [   D:10 }   Orc:2 (

Annotations:
Orc:2 Gruud's ghost, journeyman DsGl


Innate Abilities, Weirdness & Mutations

Your experience applies equally to all skills.
You have very sharp teeth.
Your uncanny sense of smell can sniff out nearby items.


Message History

You see here a tomahawk.
An orc warrior comes into view. It is wielding a dire flail.
The orc knight roars a battlecry!
The orcs go into a battle-frenzy!
The orc warrior misses you. The orc completely misses you.
You block the orc priest's attack.
An orc priest and an orc high priest come into view.
The orc priest calls down the wrath of Beogh upon you.
Beogh smites you! The orc hits you with a morningstar!
* * * LOW HITPOINT WARNING * * *
The orc priest closely misses you.
You hear a shout!
An orc comes into view. It is wielding a short sword.
Okay, then.
Casting: Passwall
Confirm with . or Enter, or press ? or * to list all spells.
Okay, then.
Unknown command.
The orc priest invokes the aid of Beogh against you.
Beogh smites you!
* * * LOW HITPOINT WARNING * * *
Really read
A - 5 scrolls of teleportation {!r}?
As you read the scroll of teleportation {!r}, it crumbles to dust.
You feel strangely unstable.
The orc priest mumbles some strange prayers to Beogh against you.
Beogh smites you!
* * * LOW HITPOINT WARNING * * *
The orc priest hits you with a mace.
* * * LOW HITPOINT WARNING * * *
The orc priest invokes the aid of Beogh against you.
You easily resist.
The orc high priest prays to Beogh.
Really quaff
G - 2 bubbling green potions {!q}?
It was a potion of might {!q}.
You feel very mighty all of a sudden.
The orc high priest mumbles some strange prayers to Beogh.
The orc high priest calls down the wrath of Beogh upon you.
You easily resist.
You block the orc warrior's attack.
You hear a shout!
Okay, then.
Your surroundings suddenly seem different.
An orc comes into view.
The orc shouts!
Gruud's ghost turns its malevolent gaze towards you.
An orc priest comes into view.
The orc priest shouts!
An orc priest comes into view. It is wielding a hand axe.
The orc priest shouts!
You hear a shout!
An orc knight comes into view.
Ashenzari warns you: It is wielding a great mace of protection.
The orc knight shouts!
An orc priest comes into view. It is wielding a mace.
The orc priest shouts!
You hear a shout! x2
The orc knight roars a battlecry!
The orcs go into a battle-frenzy!
You block Gruud's ghost's attack.
The orc priest casts a cantrip, but nothing happens.
An orc knight comes into view. It is wielding a great mace.
The orc knight shouts!
You hear a shout!
Found Hotuisot's Weapon Shoppe.
An orc warrior and an orc priest come into view.
Really quaff
J - 2 coppery potions {!q}?
It was a potion of curing {!q}.
You feel better. Gruud's ghost hits you!!
You die...

.. .. .. *
# .. #∩ ..
, ..,∩ ..
##.#.## ..
......o##
.. , , #W@#
..
.......o#
.. *
.#...#...
#. *
....,..o.#
.. .#o
o#.... .. *
..,...o...#
.. , . o.
#.o.o# ..
o..,.....#
.. ,


You could see 3 orc knights, 2 orc warriors, 4 orc priests, Gruud's ghost and an
orc.

Vanquished Creatures
  An ogre mage (Orc:1)
  A hydra (D:8)
  Erica (D:8)
  10 two-headed ogres
  2 orc high priests
  Pikel (D:6)
  4 orc knights (Orc:1)
  2 orc sorcerers
  Psyche (D:10)
  3 trolls (Orc:1)
  Grinder (D:6)
  A hornet (D:10)
  2 dream sheep (D:8)
  3 hippogriffs
  2 wyverns (D:8)
  7 yaks
  A steam dragon (D:8)
  2 chaos spawn (D:9)
  Menkaure (D:6)
  6 wargs
  2 phantoms
  A sky beast (D:7)
  An ice beast (D:7)
  25 orc warriors
  10 ogres
  2 slaves (D:6)
  A necrophage (D:7)
  2 centaurs
  2 crocodiles (D:8)
  4 big kobolds
  5 bullfrogs
  A gnoll sergeant (D:6)
  3 scorpions
  10 killer bees
  2 centaur zombies
  A bullfrog zombie (D:8)
  3 jellies
  A gnoll shaman (D:7)
  5 hounds
  15 orc priests
  4 iguanas
  Natasha (thrice) (D:2)
  15 orc wizards
  5 worker ants
  3 hound zombies
  A hound skeleton (D:8)
  A worker ant zombie (D:9)
  21 gnolls
  8 adders
  An ooze (D:3)
  3 adder skeletons (D:4)
  3 worms
  2 dart slugs
  3 leopard geckos
  66 orcs
  3 giant cockroaches
  5 goblins
  6 hobgoblins
  11 jackals
  3 quokkas
  3 ball pythons
  9 bats
  6 frilled lizards
  13 kobolds
  4 rats
350 creatures vanquished.

Notes
Turn   | Place    | Note
-------+----------+-------------------------------------------
     0 | D:1      | Amnesiac the Gnoll Earth Elementalist began the quest for the Orb.
     0 | D:1      | Reached XP level 1. HP: 13/13 MP: 6/6
   231 | D:1      | Reached XP level 2. HP: 12/19 MP: 7/7
   241 | D:1      | Learned a level 2 spell: Passwall
   394 | D:3      | Reached XP level 3. HP: 10/25 MP: 5/9
   409 | D:2      | Reached skill level 5 in Spellcasting
   563 | D:4      | Noticed an ogre
   566 | D:4      | Reached skill level 1 in Fighting
   566 | D:4      | Reached skill level 1 in Short Blades
   566 | D:4      | Reached skill level 1 in Long Blades
   566 | D:4      | Reached skill level 1 in Axes
   566 | D:4      | Reached skill level 1 in Maces & Flails
   566 | D:4      | Reached skill level 1 in Polearms
   566 | D:4      | Reached skill level 1 in Staves
   566 | D:4      | Reached skill level 1 in Slings
   566 | D:4      | Reached skill level 1 in Bows
   566 | D:4      | Reached skill level 1 in Crossbows
   566 | D:4      | Reached skill level 1 in Throwing
   566 | D:4      | Reached skill level 1 in Armour
   566 | D:4      | Reached skill level 1 in Shields
   566 | D:4      | Reached skill level 1 in Unarmed Combat
   566 | D:4      | Reached skill level 1 in Conjurations
   566 | D:4      | Reached skill level 1 in Hexes
   566 | D:4      | Reached skill level 1 in Charms
   566 | D:4      | Reached skill level 1 in Summonings
   566 | D:4      | Reached skill level 1 in Necromancy
   566 | D:4      | Reached skill level 1 in Translocations
   566 | D:4      | Reached skill level 1 in Fire Magic
   566 | D:4      | Reached skill level 1 in Ice Magic
   566 | D:4      | Reached skill level 1 in Air Magic
   566 | D:4      | Reached skill level 1 in Poison Magic
   566 | D:4      | Reached skill level 1 in Invocations
   566 | D:4      | Reached skill level 1 in Evocations
   566 | D:4      | Reached XP level 4. HP: 26/32 MP: 6/11
   571 | D:4      | Killed an ogre
   571 | D:4      | Reached XP level 5. HP: 5/37 MP: 2/12
   577 | D:4      | Learned a level 4 spell: Petrify
   583 | D:4      | Learned a level 5 spell: Lee's Rapid Deconstruction
   638 | D:4      | Found Bugiomu's Jewellery Shop.
   701 | D:5      | Entered Level 5 of the Dungeon
   827 | D:4      | Reached XP level 6. HP: 39/44 MP: 5/13
  1148 | D:5      | Reached skill level 5 in Dodging
  1359 | D:4      | Reached XP level 7. HP: 46/50 MP: 10/15
  1800 | D:6      | Noticed Grinder
  1812 | D:6      | Reached skill level 7 in Earth Magic
  1865 | D:6      | HP: 1/51 [gnoll sergeant/vampiric spear (7)]
  1987 | D:6      | Killed Grinder
  1987 | D:6      | Reached skill level 5 in Stealth
  1987 | D:6      | Reached XP level 8. HP: 24/57 MP: 12/16
  2197 | D:6      | Found a staircase to the Ecumenical Temple.
  2197 | D:6      | Noticed Pikel
  2305 | D:6      | Killed Pikel
  2314 | Temple   | Entered the Ecumenical Temple
  2391 | Temple   | Became a worshipper of Ashenzari the Shackled
  3342 | D:2      | Noticed Natasha
  3351 | D:2      | Killed Natasha
  3351 | D:2      | Reached XP level 9. HP: 54/65 MP: 18/18
  3363 | D:2      | Noticed Natasha
  3371 | D:2      | Killed Natasha
  3639 | D:2      | Noticed Natasha
  3647 | D:2      | Killed Natasha
  4609 | D:6      | Noticed Menkaure
  4619 | D:6      | Killed Menkaure
  4711 | D:7      | Reached * piety under Ashenzari
  5045 | D:7      | Reached skill level 5 in Transmutations
  5113 | D:7      | Found Arrairasu's Armour Emporium.
  5116 | D:7      | Bought a +0 pair of gloves for 49 gold pieces
  5121 | D:7      | Bought a +0 shield for 49 gold pieces
  5133 | D:7      | Bought a +2 robe of cold resistance for 194 gold pieces
  5251 | D:7      | Reached skill level 8 in Earth Magic
  5308 | D:7      | Noticed a two-headed ogre
  5317 | D:7      | Killed a two-headed ogre
  5317 | D:7      | Reached XP level 10. HP: 73/73 MP: 12/20
  5597 | D:8      | Reached skill level 5 in Fighting
  5597 | D:8      | Reached skill level 5 in Short Blades
  5597 | D:8      | Reached skill level 5 in Long Blades
  5597 | D:8      | Reached skill level 5 in Axes
  5597 | D:8      | Reached skill level 5 in Maces & Flails
  5597 | D:8      | Reached skill level 5 in Polearms
  5597 | D:8      | Reached skill level 5 in Staves
  5597 | D:8      | Reached skill level 5 in Slings
  5597 | D:8      | Reached skill level 5 in Bows
  5597 | D:8      | Reached skill level 5 in Crossbows
  5597 | D:8      | Reached skill level 5 in Throwing
  5597 | D:8      | Reached skill level 5 in Armour
  5597 | D:8      | Reached skill level 5 in Shields
  5597 | D:8      | Reached skill level 5 in Unarmed Combat
  5597 | D:8      | Reached skill level 5 in Conjurations
  5597 | D:8      | Reached skill level 5 in Hexes
  5597 | D:8      | Reached skill level 5 in Charms
  5597 | D:8      | Reached skill level 5 in Summonings
  5597 | D:8      | Reached skill level 5 in Necromancy
  5597 | D:8      | Reached skill level 5 in Translocations
  5597 | D:8      | Reached skill level 5 in Fire Magic
  5597 | D:8      | Reached skill level 5 in Ice Magic
  5597 | D:8      | Reached skill level 5 in Air Magic
  5597 | D:8      | Reached skill level 5 in Poison Magic
  5597 | D:8      | Reached skill level 5 in Invocations
  5597 | D:8      | Reached skill level 5 in Evocations
  5621 | D:8      | Noticed a three-headed hydra
  5627 | D:8      | Killed a one-headed hydra
  6047 | D:8      | Found a sacrificial altar of Ru.
  6506 | D:8      | Noticed Erica
  6514 | D:8      | Killed Erica
  6514 | D:8      | Reached XP level 11. HP: 73/81 MP: 3/22
  6515 | D:8      | Found a staircase to the Lair.
  6979 | D:9      | Reached skill level 9 in Earth Magic
  7018 | D:9      | Noticed a two-headed ogre
  7035 | D:9      | Killed a two-headed ogre
  7077 | D:9      | Noticed a two-headed ogre
  7084 | D:9      | Killed a two-headed ogre
  7240 | D:9      | Noticed a two-headed ogre
  7249 | D:9      | Killed a two-headed ogre
  7308 | D:9      | Found a shimmering altar of Xom.
  7309 | D:9      | Found the +16 mace of Variability {chaos}
  7667 | D:9      | Noticed a two-headed ogre
  7678 | D:9      | Killed a two-headed ogre
  7752 | D:9      | Reached ** piety under Ashenzari
  7809 | D:10     | Entered Level 10 of the Dungeon
  8186 | D:10     | Noticed Psyche
  8195 | D:10     | Killed Psyche
  8374 | D:10     | Found Syuph's Gadget Boutique.
  8969 | D:11     | Found a staircase to the Orcish Mines.
  8983 | Orc:1    | Entered Level 1 of the Orcish Mines
  8983 | Orc:1    | Noticed an orc knight
  8983 | Orc:1    | Noticed an orc sorcerer
  8985 | Orc:1    | Killed an orc sorcerer
  8994 | Orc:1    | Killed an orc knight
  8994 | Orc:1    | Reached XP level 12. HP: 69/89 MP: 12/24
  9451 | Orc:1    | Noticed a two-headed ogre
  9461 | Orc:1    | Killed a two-headed ogre
  9597 | Orc:1    | Noticed an orc high priest
  9727 | D:11     | Killed an orc high priest
 10044 | Orc:1    | Noticed an ogre mage
 10045 | Orc:1    | Noticed a two-headed ogre
 10045 | Orc:1    | Noticed a two-headed ogre
 10050 | Orc:1    | Noticed a two-headed ogre
 10050 | Orc:1    | Killed an ogre mage
 10050 | Orc:1    | Killed a two-headed ogre
 10073 | Orc:1    | Killed a two-headed ogre
 10179 | Orc:1    | Killed a two-headed ogre
 10343 | Orc:1    | Noticed a two-headed ogre
 10346 | Orc:1    | Killed a two-headed ogre
 10381 | Orc:1    | Reached skill level 10 in Earth Magic
 10692 | Orc:2    | Entered Level 2 of the Orcish Mines
 10692 | Orc:2    | Noticed an orc high priest
 10979 | Orc:2    | Noticed Gruud's ghost (journeyman DsGl)
 11265 | Orc:1    | Killed an orc high priest
 11379 | Orc:1    | Reached XP level 13. HP: 93/98 MP: 18/26
 12081 | Orc:2    | Found Hotuisot's Weapon Shoppe.
 12082 | Orc:2    | Mangled by Gruud's ghost

Vault maps used:
D:1:      kennysheep_arrival_forest, minmay_strange_pillars
D:2:      cheibrodos_pilgrimage, first_bread, nrook_mini_vaults, uniq_natasha
D:3:      serial_glass, glass_columns_a, glass_columns_b, minivault_14
D:4:      minmay_shop_grid_forest
D:6:      minmay_temple_entry_junction, uniq_grinder, uniq_pikel, uniq_menkaure
D:7:      serial_shops, nicolae_shop_stone
D:8:      hangedman_ru_absence, erik_lair_dragon, hangedman_ranch, uniq_erica
D:9:      minmay_guarded_unrand_variability
D:10:     serial_shops, shop, uniq_psyche
D:11:     orc_0_dummy, special_room, uniq_maurice
Temple:   minmay_crystal_snake_temple
Orc:2:    st_orc_pillars, basic_altar, bh_open_orc_temple

Skill      XL: |  1  2  3  4  5  6  7  8  9 10 11 12 13 |
---------------+----------------------------------------+-----
Spellcasting   | 5 6 7 8 9 |  9.4
Fighting       | 1 2 3 4 5 6 7 |  7.9
Short Blades   | 1 2 3 4 5 6 7 |  7.9
Long Blades    | 1 2 3 4 5 6 7 |  7.9
Axes           | 1 2 3 4 5 6 7 |  7.9
Maces & Flails | 1 2 3 4 5 6 7 |  7.9
Polearms       | 1 2 3 4 5 6 7 |  7.9
Staves         | 1 2 3 4 5 6 7 |  7.9
Slings         | 1 2 3 4 5 6 7 |  7.9
Bows           | 1 2 3 4 5 6 7 |  7.9
Crossbows      | 1 2 3 4 5 6 7 |  7.9
Throwing       | 1 2 3 4 5 6 7 |  7.9
Armour         | 1 2 3 4 5 6 7 |  7.9
Shields        | 1 2 3 4 5 6 7 |  7.9
Unarmed Combat | 1 2 3 4 5 6 7 |  7.9
Conjurations   | 1 2 3 4 5 6 7 |  7.9
Hexes          | 1 2 3 4 5 6 7 |  7.9
Charms         | 1 2 3 4 5 6 7 |  7.9
Summonings     | 1 2 3 4 5 6 7 |  7.9
Necromancy     | 1 2 3 4 5 6 7 |  7.9
Translocations | 1 2 3 4 5 6 7 |  7.9
Fire Magic     | 1 2 3 4 5 6 7 |  7.9
Ice Magic      | 1 2 3 4 5 6 7 |  7.9
Air Magic      | 1 2 3 4 5 6 7 |  7.9
Poison Magic   | 1 2 3 4 5 6 7 |  7.9
Invocations    | 1 2 3 4 5 6 7 |  7.9
Evocations     | 1 2 3 4 5 6 7 |  7.9
Transmutations | 3 4 5 6 7 8 |  8.3
Dodging        | 5 6 7 8 9 |  9.2
Earth Magic    | 7 8 9 10 | 10.2
Stealth        | 5 6 7 8 9 |  9.0

Action                   |  1- 3 |  4- 6 |  7- 9 | 10-12 | 13-15 || total
-------------------------+-------+-------+-------+-------+-------++-------
Melee: Short sword       |    31 |     8 |    14 |       |       ||    53
       Bite              |     2 |     2 |    30 |    47 |    11 ||    92
       Spear             |       |       |   190 |    51 |       ||   241
       Punch             |       |       |     1 |       |       ||     1
       Dagger            |       |       |    89 |   296 |   112 ||   497
       Staff             |       |       |    21 |       |       ||    21
       Hand axe          |       |       |       |     6 |       ||     6
       Scimitar          |       |       |       |    23 |       ||    23
       Unarmed           |       |       |       |    13 |       ||    13
Throw: Stone             |       |       |     1 |       |       ||     1
 Cast: Sandblast         |     8 |    43 |    23 |    19 |       ||    93
       Passwall          |     2 |     3 |    10 |     9 |     3 ||    27
       Petrify           |       |       |    32 |   100 |    26 ||   158
       Lee's Rapid Decon |       |       |     8 |    25 |     4 ||    37
Invok: Curse Item        |       |       |     3 |     1 |       ||     4
  Use: Scroll            |       |       |       |    12 |     1 ||    13
       Potion            |       |       |       |     5 |     2 ||     7
 Stab: Sleeping          |     6 |     4 |    25 |    15 |       ||    50
       Petrified         |       |       |    48 |    99 |    15 ||   162
       Petrifying        |       |       |     2 |    14 |     7 ||    23
       Distracted        |       |       |     2 |     1 |     1 ||     4
  Eat: Chunk             |       |     1 |    20 |    30 |     5 ||    56
       Royal jelly       |       |       |       |     1 |       ||     1
       Fruit             |       |       |       |     1 |       ||     1
Armor: Robe              |     2 |     1 |    33 |    48 |    10 ||    94
       Skin              |       |       |       |    41 |       ||    41
Dodge: Dodged            |    11 |    23 |   161 |   198 |    32 ||   425
Block: Buckler           |       |       |    48 |       |       ||    48
       Shield            |       |       |     3 |   219 |    25 ||   247
       Rpst.: Scimitar   |       |       |       |     2 |       ||     2

Table legend:
 A = Spawn XP
 B = Non-spawn XP
 C = Spawn XP percentage of total XP
 D = Spawn monster count
 E = Non-spawn monster count
 F = Spawn count percentage of total count
 G = Total turns spent on level
                    A         B        C        D         E        F      G
               +---------+---------+-------+---------+---------+-------+---------
         Total |       0 |   34896 |   0.0 |       0 |     348 |   0.0 | 12082
               +---------+---------+-------+---------+---------+-------+---------
           D:1 |       0 |      37 |   0.0 |       0 |      22 |   0.0 |   734
           D:2 |       0 |     250 |   0.0 |       0 |      26 |   0.0 |   840
           D:3 |       0 |      66 |   0.0 |       0 |      18 |   0.0 |   753
           D:4 |       0 |     478 |   0.0 |       0 |      24 |   0.0 |   709
           D:5 |       0 |     175 |   0.0 |       0 |       9 |   0.0 |   508
           D:6 |       0 |    1780 |   0.0 |       0 |      26 |   0.0 |  1032
           D:7 |       0 |    2062 |   0.0 |       0 |      23 |   0.0 |   859
           D:8 |       0 |    5158 |   0.0 |       0 |      39 |   0.0 |  1174
           D:9 |       0 |    5831 |   0.0 |       0 |      27 |   0.0 |  1087
          D:10 |       0 |    1651 |   0.0 |       0 |      19 |   0.0 |  1122
          D:11 |       0 |     901 |   0.0 |       0 |       3 |   0.0 |   256
         Orc:1 |       0 |   12993 |   0.0 |       0 |      58 |   0.0 |  2178
         Orc:2 |       0 |    3514 |   0.0 |       0 |      54 |   0.0 |   717
               +---------+---------+-------+---------+---------+-------+---------
